 Dungeon Crawl Stone Soup version 0.30-a0-879-ga8ba668304 (webtiles) character file.

Game seed: 6117600190860980375

363 Hubris850 the Grave Robber (level 6, -2/41 HPs)
             Began as a Mummy Necromancer on Mar 13, 2023.
             Slain by a kobold brigand
             ... wielding a +0 dagger
              (4 damage)
             ... in a sewer.
             The game lasted 00:12:30 (2545 turns).

Hubris850 the Grave Robber (Mummy Necromancer)      Turns: 2545, Time: 00:12:30

Health: -2/41      AC:  6    Str: 11    XL:     6   Next: 39%
Magic:  8/13       EV: 13    Int: 16    God:
Gold:   93         SH:  0    Dex: 13    Spells: 7/14 levels left

rFire   x . .      SeeInvis .    t - +4 dagger
rCold   + . .      Faith    +    (no shield)
rNeg    + + +      Spirit   .    a - +0 robe
rPois   ∞          Reflect  .    (no helmet)
rElec   .          Rampage  .    f - +0 cloak
rCorr   .                        m - +0 pair of gloves
Will    .....                    g - +1 pair of boots
Stlth   ++                       (no amulet)
HPRegen 0.26/turn                o - ring of wizardry
MPRegen 0.13/turn                (no ring)

@: no status effects
A: cold resistance 1, negative energy resistance 3, torment resistance 2, heat
vulnerability 1, in touch with death 1, no potions, faith
a: no special abilities


You were in a sewer.
You visited 1 branch of the dungeon, and saw 4 of its levels.
You also visited: Sewer.

You collected 93 gold pieces.

Inventory:

Hand Weapons
 c - a +0 short sword
 i - a +1 trident of flaming
 k - a +0 vampiric dagger
 r - a +1 whip of draining
 t - a +4 dagger (weapon)
Missiles
 p - a boomerang of dispersal
 q - a curare-tipped dart
 s - 2 poisoned darts
Armour
 a - a +0 robe (worn)
 f - a +0 cloak (worn)
 g - a +1 pair of boots (worn)
 m - a +0 pair of gloves (worn)
Jewellery
 n - a ring of ice
 o - a ring of wizardry (left hand)
Scrolls
 b - 2 scrolls of blinking {unknown}
 d - 3 scrolls of poison {unknown}
 e - 6 scrolls of identify {unknown}
 h - 2 scrolls of amnesia {unknown}
 j - a scroll of noise {unknown}
 l - a scroll of teleportation {unknown}
 u - a scroll of fog {unknown}


   Skills:
 + Level 3.1 Dodging
 + Level 3.3 Stealth
 + Level 4.7 Spellcasting
 + Level 5.2 Necromancy


You had 7 spell levels left.
You knew the following spells:

 Your Spells              Type           Power      Damage    Failure   Level
a - Necrotise             Necr           100%       1d9       1%          1
b - Blink                 Tloc           6%         N/A       10%         2
c - Animate Dead          Necr           30%        N/A       8%          4

Your spell library contained the following spells:

 Spells                   Type           Power      Damage    Failure   Level
 Vampiric Draining        Necr           30%        2d8       2%          3
 Agony                    Necr           30%        N/A       21%         5
 Manifold Assault         Tloc           3%         N/A       50%         4
 Storm Form               Tmut/Air       Unusable   N/A       N/A         7

Dungeon Overview and Level Annotations

Branches:
Dungeon (4/15)              Sewer (1/1)
 Temple: D:4-7

Altars:
Makhleb

Annotations:
D:3 2 transporters, BubbleThief's ghost, amateur HOFi


Innate Abilities, Weirdness & Mutations

You are immune to poison.
Your flesh is cold resistant. (rC+)
You are immune to negative energy. (rN+++)
You are immune to unholy pain and torment.
You are vulnerable to heat. (rF-)
You are in touch with the powers of death.
You do not drink.
You have a special connection with the divine. (Faith)


Message History

The kobold brigand is moderately wounded.
The kobold brigand hits you but does no damage.
Casting: Animate Dead (quite dangerous; 8% risk of failure)
Confirm with . or Enter, or press ? or * to list all spells.
Aiming: Necrotise (safe; 1% risk of failure)
Press: ? - help, Shift-Dir - straight line, f - kobold brigand
Aim: a kobold brigand, wielding a +0 dagger and quivering curare-tipped darts (moderately wounded, chance to affect: 83%)
You feel a surge of power!
The kobold brigand barely resists.
The kobold brigand completely misses you.
Casting: Necrotise (safe; 1% risk of failure)
Confirm with . or Enter, or press ? or * to list all spells.
Aiming: Necrotise (safe; 1% risk of failure)
Press: ? - help, Shift-Dir - straight line, f/p - kobold brigand
Aim: a kobold brigand, wielding a +0 dagger and quivering curare-tipped darts (moderately wounded, chance to affect: 83%)
You feel a surge of power!
The kobold brigand writhes in agony.
The kobold brigand hits you with a +0 dagger.
* * * LOW HITPOINT WARNING * * *
Casting: Necrotise (safe; 1% risk of failure)
Confirm with . or Enter, or press ? or * to list all spells.
Aiming: Necrotise (safe; 1% risk of failure)
Press: ? - help, Shift-Dir - straight line, f/p - kobold brigand
Aim: a kobold brigand, wielding a +0 dagger and quivering curare-tipped darts (heavily wounded, chance to affect: 83%)
You feel a surge of power!
The kobold brigand writhes in agony!
The kobold brigand hits you with a +0 dagger.
* * * LOW HITPOINT WARNING * * *
You hit the kobold brigand.
The kobold brigand is almost dead.
The kobold brigand hits you with a +0 dagger.
* * * LOW HITPOINT WARNING * * *
You hit the kobold brigand.
The kobold brigand is almost dead.
The kobold brigand hits you with a +0 dagger.
* * * LOW HITPOINT WARNING * * *
You closely miss the kobold brigand.
The kobold brigand is almost dead.
The kobold brigand closely misses you.
You barely miss the kobold brigand.
The kobold brigand is almost dead.
The kobold brigand hits you with a +0 dagger.
You die...

#### ##..#####
....#...#
..†.#...##########
.........##....K@#
....†......†...))#
..~~~~.......~.~~'.KKK#
P~~~~~~~~~P..~~~~'..∩.#
~~P~~~~P~PP..P~P~#.!..#
##~~~~##########~######
~~~~~~~~~~~~ ~~~~
≈≈≈≈≈~≈≈≈≈≈~ ≈≈~≈#
~~~~~ ~~~~~ ~~~~#


You could see a kobold brigand.

Vanquished Creatures
  3 kobold brigands (Sewer)
  4 adders
  A worm (D:4)
  A dart slug (D:3)
  4 orcs (D:3)
  12 ball pythons
  7 endoplasms
  A giant cockroach (D:4)
  5 goblins
  7 hobgoblins
  3 jackals (D:1)
  A quokka (D:1)
  13 bats
  5 frilled lizards
  22 kobolds
  8 rats
  A spectral kobold (D:2)
98 creatures vanquished.

Vanquished Creatures (collateral kills)
  A ball python (Sewer)
  A bat (Sewer)
  An endoplasm (D:2)
  3 giant cockroaches
  3 frilled lizards
  A kobold (D:3)
  6 rats
16 creatures vanquished.

Vanquished Creatures (others)
  2 bat zombies (Sewer)
  A frilled lizard zombie (Sewer)
  5 kobold zombies (Sewer)
  3 fungi
  2 plants (Sewer)
13 creatures vanquished.

Grand Total: 127 creatures vanquished

Notes
Turn   | Place    | Note
-------+----------+-------------------------------------------
     0 | D:1      | Hubris850 the Mummy Necromancer began the quest for the
                  | Orb.
     0 | D:1      | Reached XP level 1. HP: 13/13 MP: 4/4
   115 | D:1      | Reached XP level 2. HP: 10/19 MP: 0/5
   464 | D:1      | Gained mutation: You are in touch with the powers of death.
                  | [Mummy growth]
   464 | D:1      | Reached XP level 3. HP: 11/24 MP: 2/7
   904 | D:1      | Learned a level 2 spell: Blink
  1165 | D:2      | Found a faded altar of an unknown god.
  1305 | D:2      | Found a burning altar of Makhleb.
  1493 | D:3      | Reached XP level 4. HP: 28/30 MP: 7/9
  1566 | D:3      | Found a transporter.
  1576 | D:3      | Learned a level 4 spell: Animate Dead
  1592 | D:3      | Noticed BubbleThief's ghost (amateur HOFi)
  1603 | D:3      | Found a transporter.
  2112 | D:4      | Found a glowing drain.
  2189 | Sewer    | Entered a sewer
  2281 | Sewer    | Reached XP level 5. HP: 35/35 MP: 8/10
  2375 | Sewer    | Reached skill level 5 in Necromancy
  2375 | Sewer    | Reached XP level 6. HP: 21/41 MP: 9/12
  2542 | Sewer    | HP: 2/41 [kobold brigand/+0 dagger (2)]
  2545 | Sewer    | Slain by a kobold brigand

Illustrated notes

Levels and vault maps discovered:
D:1:      erik_arrival_blinker_ship, layout_basic, minivault_19, minivault_23
D:2:      layout_basic, basic_altar, dreamdust_ecumenical_altar_drowned_temple,
          dreamdust_mushroom_princess
D:3:      layout_loops_ring, gammafunk_ghost_arena
D:4:      layout_basic, mainiacjoe_overflow_catwalk, gup_sewer_entry_glass,
          minmay_snake_closets, uniq_menkaure
Sewer:    kennysheep_pipe_town

Skill      XL: |  1  2  3  4  5  6 |
---------------+-------------------+-----
Spellcasting   | 3 4 |  4.7
Stealth        | 2 3 |  3.3
Dodging        | 2 3 |  3.1
Necromancy     | 5 |  5.2

Action                     |  1- 3 |  4- 6 || total
---------------------------+-------+-------++-------
  Melee: Unarmed           |     3 |       ||     3
         Short sword       |    62 |       ||    62
         Trident           |    31 |   128 ||   159
         Punch             |     1 |     1 ||     2
         Dagger            |       |    51 ||    51
   Cast: Necrotise         |    43 |     3 ||    46
         Animate Dead      |       |     5 ||     5
         Blink             |       |     1 ||     1
   Stab: Sleeping          |     2 |     5 ||     7
         Distracted        |       |     1 ||     1
 Armour: Robe              |    27 |    89 ||   116
  Dodge: Dodged            |    82 |   167 ||   249

Table legend: (Time is in decaauts)
 A = Elapsed time spent in this place.
 B = Non-inter-level travel time spent in this place.
 C = Inter-level travel time spent in this place.
 D = Time resting spent in this place.
 E = Time spent auto-exploring this place.
 F = Levels seen in this place.
 G = Mean time per level.
                   A        B        C        D        E       F      G
               +--------+--------+--------+--------+--------+-----+--------+
         Total |   2611 |   2580 |     31 |     36 |   1592 |   5 |  522.2 |
       Dungeon |   2225 |   2194 |     31 |      0 |   1592 |   4 |  556.2 |
         Sewer |    386 |    386 |      0 |     36 |      0 |   1 |  386.0 |
               +--------+--------+--------+--------+--------+-----+--------+

Top non-repeatable levels by time:
     D:1: 1068 daAuts
     D:3: 598 daAuts
     D:2: 394 daAuts
   Sewer: 386 daAuts
     D:4: 163 daAuts
